 Dungeon Crawl Stone Soup version 0.29.0-15-g675c0067aa (webtiles) character file.

Game seed: 6842375018637695544

2330 qw the Cleaver (level 9, -2/56 HPs)
             Began as a Gargoyle Fighter on Sept 12, 2022.
             Was a Believer of Okawaru.
             Slain by Menkaure (17 damage)
             ... on level 7 of the Dungeon.
             The game lasted 00:02:32 (7299 turns).

qw the Cleaver (Gargoyle Fighter)                   Turns: 7299, Time: 00:02:33

Health: -2/56      AC: 21    Str: 24    XL:     9   Next: 42%
Magic:  11/12      EV: 11    Int:  9    God:    Okawaru [**....]
Gold:   165        SH:  5    Dex:  9    Spells: 8/8 levels left

rFire   . . .      SeeInvis .   Y - +0 war axe
rCold   + . .      Faith    .   c - +0 buckler
rNeg    + + .      Spirit   .   h - +2 scale mail {rC+}
rPois   inf        Reflect  .   n - +0 helmet
rElec   +          Harm     .   (no cloak)
rCorr   +          Rampage  .   a - +1 pair of gloves
Will    .....                   p - +0 pair of boots
Stlth   +.........              (no amulet)
HPRegen 0.18/turn               e - ring of positive energy
MPRegen 0.13/turn               m - ring of resist corrosion

@: heroic
A: sickness immunity, AC +6, negative energy resistance 1, electricity
resistance, torment resistance 1, petrification resistance
a: Renounce Religion, Heroism


You were on level 7 of the Dungeon.
You worshipped Okawaru.
Okawaru was pleased with you.
You visited 2 branches of the dungeon, and saw 8 of its levels.

You collected 445 gold pieces.
You spent 280 gold pieces at shops.


Innate Abilities, Weirdness & Mutations

You are immune to sickness and miasma.
Your stone body is resilient. (AC +6)
You are immune to poison.
You resist negative energy. (rN+)
You are resistant to electric shocks. (rElec)
You are resistant to unholy torment.
You are immune to petrification.


   Skills:
 - Level 6.4(11.4) Fighting
 - Level 9.3(14.3) Axes
 - Level 1.0(6.0) Throwing
 + Level 3.6(8.6) Armour
 - Level 1.0(6.0) Dodging
 - Level 4.0(9.0) Shields
 - Level 4.0 Invocations


You had 8 spell levels left.
You didn't know any spells.
Your spell library was empty.

Inventory:

Hand Weapons
 s - a +0 morningstar
 Y - a +0 war axe (weapon)
Missiles
 g - a boomerang (quivered)
Armour
 a - a +1 pair of gloves (worn)
 c - a +0 buckler (worn)
 h - a +2 scale mail of cold resistance (worn)
 k - a +0 chain mail
 n - a +0 helmet (worn)
 p - a +0 pair of boots (worn)
 q - the +1 chain mail "Pyrpheps" {-Tele Str+6}
   (You found it on level 4 of the Dungeon)

   Str:       It affects your strength (+6).
   -Tele:     It prevents most forms of teleportation.
Jewellery
 e - a ring of positive energy (left hand)
 j - a +4 ring of evasion
 m - a ring of resist corrosion (right hand)
Scrolls
 b - 4 scrolls of identify
 f - a scroll of fog
 t - a scroll of blinking
Potions
 d - a potion of might
 i - 2 potions of lignification
 l - a potion of magic
 r - a potion of haste
 u - a potion of attraction
 v - a potion of heal wounds {unknown}

Dungeon Overview and Level Annotations

Branches:
Dungeon (7/15)             Temple (1/1) D:4

Altars:
Ashenzari
Cheibriados
Dithmenos
Elyvilon
Fedhas
Gozag
Hepliaklqana
Kikubaaqudgha
Makhleb
Nemelex Xobeh
Okawaru
Qazlal
Ru
Sif Muna
Trog
Uskayaw
Vehumet
Wu Jian
Xom
Zin

Shops:
D:3 [   D:4 :   D:5 (   D:6 (

Annotations:
D:7 Menkaure


Message History

You hit the wight.
The wight is lightly damaged.
The wight closely misses you.
You slice the wight!!
You destroy the wight!
Okawaru accepts your kill.
You feel like a meek peon again.
7288 ||| INVOKING Heroism.
You gain the combat prowess of a mighty hero.
7289 ||| Stepping ~*~*~tactically~*~*~ (stealth).
You slash the gnoll!
You kill the gnoll!
Okawaru accepts your kill.
Your base Shields skill increases to level 4!
You hit the wight.
The wight is moderately damaged.
The wight hits you but does no damage.
You hit the wight.
The wight is heavily damaged.
The wight hits you with a +0 scimitar.
7294 ||| READING scroll of teleportation.
As you read the scroll of teleportation, it crumbles to dust.
You feel strangely unstable. You block the wight's attack.
You slash the wight!
You destroy the wight!
Okawaru accepts your kill.
You slash the gnoll!
The gnoll is almost dead.
The gnoll hits you but does no damage.
You closely miss the gnoll.
The gnoll is almost dead.
Your surroundings suddenly seem different.
Menkaure shouts!
You hit Menkaure but do no damage. You hit Menkaure.
Menkaure is lightly damaged.
Menkaure sighs drily.
Menkaure hits you!
You die...

### .#
##.##.....
.[(#....#
###.##....#
#.#'#.....#
#...%.....#
#..#...#...
##....M.#
..#####..##..@#
#....).......#
....###.###.#.#
## #.# #.#.#
#.# #.#.#
##'###.#.#
#......#.#
#......#.#
#......#.#


You could see Menkaure.

Vanquished Creatures
  Maggie (D:7)
  A steam dragon (D:7)
  A water moccasin (D:6)
  An orc warrior (D:5)
  A sky beast (D:6)
  An ice beast (D:6)
  2 black bears
  An ogre (D:5)
  A kobold brigand (D:6)
  3 bullfrogs
  3 scorpions (D:4)
  A necrophage (D:4)
  3 wights (D:7)
  2 hounds
  A jelly (D:5)
  4 iguanas
  4 orc priests
  2 orc wizards (D:5)
  9 adders
  5 gnolls
  4 white imps
  An ufetubus (D:6)
  A dart slug (D:3)
  13 orcs
  6 endoplasms
  4 giant cockroaches
  6 goblins
  10 hobgoblins
  6 jackals
  5 quokkas
  8 ball pythons
  6 bats
  3 frilled lizards
  15 kobolds
  3 rats
  A spectral goblin (D:4)
139 creatures vanquished.

Vanquished Creatures (others)
  31 plants (D:4)
31 creatures vanquished.

Grand Total: 170 creatures vanquished

Notes
Turn   | Place    | Note
-------+----------+-------------------------------------------
     0 | D:1      | qw the Gargoyle Fighter began the quest for the Orb.
     0 | D:1      | Reached XP level 1. HP: 14/14 MP: 1/1
     0 | D:1      | 0 ||| qw: Version: 0.1-a-119-g272c26d
     0 | D:1      | 0 ||| qw: Game counter: 11004
     0 | D:1      | 0 ||| qw: Always use a shield: true
     0 | D:1      | 0 ||| qw: God list: Okawaru
     0 | D:1      | 0 ||| qw: Allow faded altars: false
     0 | D:1      | 0 ||| qw: Do Orc after D:15 true
     0 | D:1      | 0 ||| qw: Do second Lair branch before Depths: true
     0 | D:1      | 0 ||| qw: Lair rune preference: random
     0 | D:1      | 0 ||| qw: Plans: Normal, Zot, God:TSO, Crypt, Tomb, Pan,
                  | Slime, Hells, Zig, Abyss, Orb
     0 | D:1      | 0 ||| PLANNING D:1-11
   202 | D:1      | Reached skill level 2 in Axes
   281 | D:1      | Reached XP level 2. HP: 15/19 MP: 2/2
   577 | D:1      | Found a faded altar of an unknown god.
   752 | D:1      | Reached skill level 3 in Axes
   897 | D:1      | 897 ||| DROPPING +0 whip.
   925 | D:1      | Reached XP level 3. HP: 19/23 MP: 3/3
  1082 | D:1      | 1082 ||| UPGRADING to ring of positive energy.
  1083 | D:1      | 1083 ||| UPGRADING to ring of resist corrosion.
  1084 | D:1      | 1084 ||| READING scroll labelled UGAMER HOAHE.
  1089 | D:1      | 1089 ||| READING scroll labelled LIRUC JIOQAZE.
  1142 | D:1      | 1142 ||| READING scroll labelled EPSYTI WORYRUT.
  1143 | D:1      | 1143 ||| READING scroll labelled WAENIO DILUUL.
  1144 | D:1      | 1144 ||| DRINKING 2 viscous orange potions.
  1249 | D:1      | 1249 ||| DROPPING potion of berserk rage.
  1390 | D:2      | 1390 ||| Stepping ~*~*~tactically~*~*~ (stealth).
  1617 | D:2      | 1617 ||| Stepping ~*~*~tactically~*~*~ (stealth).
  1763 | D:2      | 1763 ||| Stepping ~*~*~tactically~*~*~ (stealth).
  1924 | D:2      | 1924 ||| UPGRADING to +0 pair of gloves.
  1929 | D:2      | 1929 ||| UPGRADING to +2 scale mail of cold resistance.
  1939 | D:2      | 1939 ||| DROPPING +0 scale mail.
  1940 | D:2      | 1940 ||| DROPPING ring of flight.
  1941 | D:2      | 1941 ||| READING scroll labelled POOREOROEGU.
  1942 | D:2      | 1942 ||| READING scroll labelled FIZ ZESAQERORIH.
  2007 | D:3      | Reached XP level 4. HP: 27/28 MP: 4/4
  2032 | D:3      | 2032 ||| FLEEEEING.
  2033 | D:3      | 2033 ||| FLEEEEING.
  2034 | D:3      | 2034 ||| FLEEEEING.
  2035 | D:3      | 2035 ||| FLEEEEING.
  2041 | D:3      | 2041 ||| Stepping ~*~*~tactically~*~*~ (hiding).
  2089 | D:3      | 2089 ||| Stepping ~*~*~tactically~*~*~ (stealth).
  2133 | D:3      | 2133 ||| Stepping ~*~*~tactically~*~*~ (stealth).
  2200 | D:3      | 2200 ||| Stepping ~*~*~tactically~*~*~ (stealth).
  2201 | D:3      | 2201 ||| Stepping ~*~*~tactically~*~*~ (stealth).
  2202 | D:3      | 2202 ||| Stepping ~*~*~tactically~*~*~ (stealth).
  2203 | D:3      | 2203 ||| Stepping ~*~*~tactically~*~*~ (stealth).
  2204 | D:3      | 2204 ||| Stepping ~*~*~tactically~*~*~ (stealth).
  2208 | D:3      | Reached skill level 4 in Axes
  2299 | D:3      | 2299 ||| DROPPING +1 whip of pain.
  2555 | D:3      | 2555 ||| Stepping ~*~*~tactically~*~*~ (stealth).
  2637 | D:3      | Reached XP level 5. HP: 32/32 MP: 5/5
  3009 | D:3      | Found Doeha's Antique Armour Shoppe.
  3014 | D:3      | 3014 ||| SHOPLISTING glowing plate armour (832 gold, have
                  | 148).
  3014 | D:3      | 3014 ||| BUYING helmet (144 gold).
  3014 | D:3      | Bought a helmet for 144 gold pieces
  3014 | D:3      | 3014 ||| SHOPLISTING runed ring mail (224 gold, have 4).
  3014 | D:3      | 3014 ||| SHOPLISTING shiny ring mail (224 gold, have 4).
  3160 | D:3      | 3160 ||| UPGRADING to +0 helmet.
  3165 | D:3      | 3165 ||| READING scroll labelled QOMYUS PIDIXZIMO.
  3166 | D:3      | 3166 ||| READING scroll labelled FISYODO QOIT.
  3167 | D:3      | 3167 ||| DRINKING 2 red potions.
  3168 | D:3      | 3168 ||| READING 2 scrolls of identify.
  3168 | D:3      | 3168 ||| IDENTIFYING fuming brown potion
  3192 | D:4      | Found a sacrificial altar of Ru.
  3253 | D:4      | Reached skill level 5 in Axes
  3275 | D:4      | Reached XP level 6. HP: 36/38 MP: 6/6
  3300 | D:4      | Reached skill level 1 in Dodging
  3309 | D:4      | 3309 ||| FLEEEEING.
  3309 | D:4      | Found a staircase to the Ecumenical Temple.
  3310 | D:4      | 3310 ||| PLANNING TEMPLE
  3310 | D:4      | 3310 ||| FLEEEEING.
  3311 | D:4      | 3311 ||| FLEEEEING.
  3312 | D:4      | 3312 ||| FLEEEEING.
  3313 | D:4      | 3313 ||| FLEEEEING.
  3314 | D:4      | 3314 ||| FLEEEEING.
  3315 | D:4      | 3315 ||| STAIRDANCE
  3355 | D:3      | 3355 ||| DROPPING amulet of faith.
  3359 | D:4      | 3359 ||| STAIRDANCE
  3367 | D:4      | 3367 ||| FLEEEEING.
  3368 | D:4      | 3368 ||| FLEEEEING.
  3369 | D:4      | 3369 ||| FLEEEEING.
  3370 | D:4      | 3370 ||| STAIRDANCE
  3377 | D:4      | 3377 ||| STAIRDANCE
  3413 | Temple   | Entered the Ecumenical Temple
  3413 | Temple   | Found a transporter.
  3413 | Temple   | Found a transporter.
  3415 | Temple   | Found a transporter.
  3415 | Temple   | Found a transporter.
  3425 | Temple   | 3425 ||| PLANNING D:1-11
  3434 | Temple   | Became a worshipper of Warmaster Okawaru
  3531 | D:4      | 3531 ||| READING scroll of enchant armour.
  3531 | D:4      | 3531 ||| ENCHANTING +0 pair of gloves.
  3648 | D:4      | Found Nyhex's Book Shop.
  4284 | D:4      | Identified the +1 chain mail "Pyrpheps" {-Tele Str+6}
  4348 | D:4      | Found a hazy altar of Hepliaklqana.
  4389 | D:4      | 4389 ||| Stepping ~*~*~tactically~*~*~ (stealth).
  4399 | D:4      | 4399 ||| Stepping ~*~*~tactically~*~*~ (stealth).
  4407 | D:4      | 4407 ||| DROPPING +2 whip of venom.
  4424 | D:4      | 4424 ||| Stepping ~*~*~tactically~*~*~ (water).
  4431 | D:4      | Reached skill level 6 in Axes
  4431 | D:4      | Reached XP level 7. HP: 23/43 MP: 7/7
  4777 | D:4      | 4777 ||| DROPPING scarf of invisibility.
  4778 | D:4      | 4778 ||| READING 3 scrolls of identify.
  4778 | D:4      | 4778 ||| IDENTIFYING blue potion
  4779 | D:4      | 4779 ||| READING 2 scrolls of identify.
  4779 | D:4      | 4779 ||| IDENTIFYING purple potion
  4780 | D:4      | 4780 ||| DROPPING potion of invisibility.
  4812 | D:5      | Entered Level 5 of the Dungeon
  4935 | D:5      | 4935 ||| Stepping ~*~*~tactically~*~*~ (hiding).
  5054 | D:5      | 5054 ||| DRINKING potion of curing.
  5054 | D:5      | 5054 ||| (to cure confusion)
  5060 | D:5      | Reached * piety under Okawaru
  5061 | D:5      | Reached skill level 7 in Axes
  5068 | D:5      | 5068 ||| INVOKING Heroism.
  5069 | D:5      | 5069 ||| INVOKING Heroism.
  5073 | D:5      | Reached skill level 1 in Invocations
  5262 | D:5      | Found Peocwan's Antique Weapon Boutique.
  5270 | D:5      | 5270 ||| BUYING glowing flail (136 gold).
  5270 | D:5      | Bought a glowing flail for 136 gold pieces
  5270 | D:5      | 5270 ||| DROPPING +0 flail.
  5355 | D:5      | Found a shimmering blue altar of Sif Muna.
  5387 | D:5      | 5387 ||| INVOKING Heroism.
  5503 | D:5      | 5503 ||| INVOKING Heroism.
  5517 | D:5      | Reached XP level 8. HP: 40/49 MP: 7/10
  5798 | D:5      | 5798 ||| UPGRADING to +0 pair of boots.
  5803 | D:5      | 5803 ||| READING scroll labelled SIMORO NIFOKLA.
  5850 | D:6      | 5850 ||| INVOKING Heroism.
  5857 | D:6      | Reached skill level 3 in Invocations
  5860 | D:6      | Reached skill level 1 in Throwing
  6009 | D:6      | 6009 ||| FLEEEEING.
  6010 | D:6      | 6010 ||| FLEEEEING.
  6128 | D:6      | 6128 ||| Stepping ~*~*~tactically~*~*~ (stealth).
  6129 | D:6      | 6129 ||| Stepping ~*~*~tactically~*~*~ (stealth).
  6135 | D:6      | 6135 ||| Stepping ~*~*~tactically~*~*~ (stealth).
  6139 | D:6      | 6139 ||| Stepping ~*~*~tactically~*~*~ (stealth).
  6140 | D:6      | 6140 ||| INVOKING Heroism.
  6191 | D:6      | 6191 ||| DROPPING +3 flail of venom.
  6538 | D:6      | Found Amabiar's Weapon Emporium.
  6594 | D:6      | 6594 ||| Stepping ~*~*~tactically~*~*~ (hiding).
  6601 | D:6      | 6601 ||| INVOKING Heroism.
  6605 | D:6      | Reached ** piety under Okawaru
  6606 | D:6      | Reached skill level 8 in Axes
  6623 | D:6      | Reached skill level 6 in Fighting
  6898 | D:6      | 6898 ||| READING scroll labelled TOEKKOTUNO.
  6899 | D:6      | 6899 ||| DRINKING 2 sedimented silvery potions.
  6978 | D:7      | 6978 ||| INVOKING Heroism.
  6986 | D:7      | Noticed Menkaure
  6989 | D:7      | Reached XP level 9. HP: 26/56 MP: 10/12
  6993 | D:7      | 6993 ||| INVOKING Heroism.
  6994 | D:7      | HP: 14/56 [centaur (5)]
  6995 | D:7      | 6995 ||| READING 2 scrolls of teleportation.
  7259 | D:7      | Noticed Maggie
  7261 | D:7      | 7261 ||| Stepping ~*~*~tactically~*~*~ (hiding).
  7264 | D:7      | 7264 ||| Stepping ~*~*~tactically~*~*~ (hiding).
  7269 | D:7      | 7269 ||| INVOKING Heroism.
  7279 | D:7      | Killed Maggie
  7280 | D:7      | Reached skill level 9 in Axes
  7281 | D:7      | 7281 ||| Stepping ~*~*~tactically~*~*~ (stealth).
  7288 | D:7      | 7288 ||| INVOKING Heroism.
  7289 | D:7      | 7289 ||| Stepping ~*~*~tactically~*~*~ (stealth).
  7293 | D:7      | HP: 14/56 [wight/+0 scimitar (4)]
  7294 | D:7      | 7294 ||| READING scroll of teleportation.
  7299 | D:7      | Slain by Menkaure

Levels and vault maps discovered:
D:1:      grunt_arrival_crossed_arrows, layout_loops_corners,
          hellmonk_ecumenical_altar_arch_garden, kennysheep_small_spiral
D:2:      layout_loops_ring, minmay_crystal_water
D:3:      layout_basic, serial_shops, nicolae_square_shop, kennysheep_nub,
          hangedman_feature_mirror
D:4:      layout_loops_cross, nicolae_hepliaklqana_monster_ancestors,
          mainiacjoe_overflow_catwalk, minmay_temple_entry_ruins, serial_shops,
          shop_coins, serial_bayou, serial_bayou_crossing, serial_bayou_pond_e,
          serial_bayou_ford_a, serial_bayou_lake_a
D:5:      layout_basic, nicolae_sif_muna_little_library, serial_shops,
          shop_fountains
D:6:      layout_gridville, serial_shops, nicolae_diamond_shop
D:7:      layout_basic, gammafunk_ghost_smash, minmay_joined_circles,
          uniq_maggie, uniq_menkaure
Temple:   hellmonk_temple_divided_pantheon

Skill      XL: |  1  2  3  4  5  6  7  8  9 |
---------------+----------------------------+-----
Axes           | 2 3 4 5 6 7 8 9 |  9.3
Fighting       | 4 5 6 |  6.4
Dodging        | 1 |  1.0
Invocations    | 2 4 |  4.0
Throwing       | 1 |  1.0
Shields        | 4 |  4.0
Armour         | |  3.6

Action                   |  1- 3 |  4- 6 |  7- 9 || total
-------------------------+-------+-------+-------++-------
Melee: War axe           |   105 |   151 |   199 ||   455
Throw: Boomerang         |       |       |    36 ||    36
Invok: Heroism           |       |       |    10 ||    10
  Use: Scroll            |     6 |     4 |     6 ||    16
       Potion            |     1 |     1 |     2 ||     4
Armor: Scale mail        |    64 |    80 |   133 ||   277
Dodge: Dodged            |    48 |    51 |    99 ||   198
Block: Buckler           |    21 |    23 |    39 ||    83

Table legend:
 A = Non-vault XP
 B = Vault XP
 C = Vault XP percentage of total XP
 D = Non-vault monster count
 E = Vault monster count
 F = Vault count percentage of total count
                 A         B        C        D         E       F
            +---------+---------+-------+---------+---------+-------
      Total |    2767 |     562 |  16.9 |     135 |       4 |   2.9
            +---------+---------+-------+---------+---------+-------
        D:1 |      43 |       0 |   0.0 |      25 |       0 |   0.0
        D:2 |      35 |       0 |   0.0 |      14 |       0 |   0.0
        D:3 |      91 |       0 |   0.0 |      23 |       0 |   0.0
        D:4 |     543 |       3 |   0.5 |      24 |       2 |   7.7
        D:5 |     633 |       0 |   0.0 |      17 |       0 |   0.0
        D:6 |     998 |       0 |   0.0 |      25 |       0 |   0.0
        D:7 |     424 |     559 |  56.9 |       7 |       2 |  22.2
            +---------+---------+-------+---------+---------+-------
